 Dungeon Crawl Stone Soup version bcrawl-1.23 (webtiles) character file.

Game seed: 11963587444417447221

79 Freyura the Twirler (level 4, -4/34 HPs)
             Began as a Demonspawn Gladiator on May 30, 2020.
             Was an Initiate of Makhleb.
             Killed by divine providence
             ... invoked by an orc priest
              (13 damage)
             ... on level 3 of the Dungeon.
             The game lasted 00:03:20 (1636 turns).

Freyura the Twirler (Demonspawn Gladiator)          Turns: 1636, Time: 00:03:21

Health: -4/34      AC:  5    Str: 14    XL:     4   Next: 17%
Magic:  4/4        EV: 13    Int: 10    God:    Makhleb [......]
Gold:   53         SH:  0    Dex: 15    Spells: 3/3 levels left

rFire    . . .     SeeInvis .   a - +0 quarterstaff
rCold    . . .     Gourm    .   (shield currently unavailable)
rNeg     . . .     Faith    .   b - +0 leather armour
rPois    .         Spirit   .   c - +0 helmet
rElec    .         Reflect  .   (no cloak)
rCorr    .         Harm     .   k - +0 pair of gloves
MR       .....                  (no boots)
Stlth    ++........             (no amulet)
HPRegen  0.11/turn              (no ring)
MPRegen  0.09/turn              (no ring)

@: no status effects
A: nightstalker 1
a: Renounce Religion


You were on level 3 of the Dungeon.
You worshipped Makhleb.
Makhleb was noncommittal.
You were not hungry.

You visited 1 branch of the dungeon, and saw 3 of its levels.

You collected 53 gold pieces.

Inventory:

Hand Weapons
 a - a +0 quarterstaff (weapon)
Missiles
 d - 3 throwing nets (quivered) {!f}
Armour
 b - a +0 leather armour (worn)
 c - a +0 helmet (worn)
 k - a +0 pair of gloves (worn)
Wands
 j - a wand of acid (7)
Scrolls
 f - 2 scrolls of teleportation {unknown}
 h - a scroll of fear {unknown}
 i - 3 scrolls of identify {unknown}
 n - a scroll of remove curse {unknown}
 o - a scroll of immolation {unknown}
Potions
 g - 3 potions of curing {unknown}
 l - a potion of degeneration {unknown}
 m - a potion of mutation {unknown}
Comestibles
 e - 2 rations {!d}


   Skills:
 + Level 2.5 Fighting
 * Level 3.5 Staves
 - Level 1.7 Throwing
 + Level 1.4 Armour
 + Level 3.1 Dodging
 + Level 0.4 Invocations


You had 3 spell levels left.
You didn't know any spells.
Your spell library was empty.

Dungeon Overview and Level Annotations

Branches:
Dungeon (3/12)

Altars:
Makhleb
Nemelex Xobeh

Annotations:
D:3 Natasha


Innate Abilities, Weirdness & Mutations

You are slightly more attuned to the shadows.


Message History

The orc shouts! x4; You hear a shout!
Natasha hisses angrily.
You thump the orc!
You kill the orc!
Makhleb accepts your kill.
An orc comes into view. It is quivering 59 poisoned tomahawks.
An orc comes into view.
An orc comes into view. It is wielding a +0 trident.
A bullfrog skeleton comes into view.
Natasha casts a spell.
The orc priest invokes the aid of Beogh against you.
Beogh smites you!
You hear a shout!
The white imp spits at you.
The orc priest invokes the aid of Beogh against you.
Beogh smites you!
* * * LOW HITPOINT WARNING * * *
You hear a shout!
The orc priest invokes the aid of Beogh against you.
Beogh smites you!
You die...

... .. .# ....
....##.#.#
..Z......#>. .#
..... ...#.##.#
.....###.#.##.##
.......5...<#..###.
#...ooh.o.@......
#.$..o..Y.##.####
##.?)..o##......#
##o##.......<..#
#o. ####..........#
#.. #...........
#o. #...........
.o# ##.......###
.......##


You could see an ice beast, an orc priest, Natasha, a white imp and 4 orcs.

Vanquished Creatures
  A hound (D:2)
  A worm (D:2)
  A dart slug (D:2)
  2 leopard geckos (D:1)
  An orc (D:3)
  A ball python (D:2)
  2 giant cockroaches
  7 goblins
  5 hobgoblins
  4 jackals
  2 kobolds (D:2)
  2 bats
  3 frilled lizards
  5 rats
37 creatures vanquished.

Notes
Turn   | Place    | Note
-------+----------+-------------------------------------------
     0 | D:1      | Freyura the Demonspawn Gladiator began the quest for the
                  | Orb.
     0 | D:1      | Reached XP level 1. HP: 16/16 MP: 1/1
   303 | D:1      | Gained mutation: You are slightly more attuned to the
                  | shadows. [demonic ancestry]
   303 | D:1      | Reached XP level 2. HP: 22/22 MP: 2/2
  1034 | D:2      | Found a burning altar of Makhleb.
  1041 | D:2      | Reached skill level 1 in Armour
  1041 | D:2      | Reached XP level 3. HP: 26/28 MP: 3/3
  1046 | D:2      | Became a worshipper of Makhleb the Destroyer
  1241 | D:2      | Reached XP level 4. HP: 31/34 MP: 4/4
  1271 | D:2      | Found a sparkling altar of Nemelex Xobeh.
  1624 | D:3      | Noticed Natasha
  1627 | D:3      | Noticed an ice beast
  1636 | D:3      | Killed from afar by an orc priest

Skill      XL: |  1  2 |
---------------+-------+-----
Staves         | 3 |  3.5
Armour         | 1 |  1.4
Dodging        | 3 |  3.1
Fighting       | |  2.5
Throwing       | |  1.7
Invocations    | |  0.4

Action                   |  1- 3 |  4- 6 || total
-------------------------+-------+-------++-------
Melee: Quarterstaff      |    79 |    23 ||   102
 Stab: Sleeping          |     6 |     2 ||     8
  Eat: Chunk             |     1 |     1 ||     2
Armor: Leather armour    |    20 |     4 ||    24
Dodge: Dodged            |    42 |    12 ||    54
